Cogmind - Beta 11.1 @@@ ROGUE MODE // 2022.05.01 @ 03:46:23 Player: Olga Result: Destroyed by P-80 Master with Gamma Rifle Performance ------------- Evolutions (7) 3500 Regions Visited (12) 2400 Robots Destroyed (90) 450 Value Destroyed (3493) 3493 Prototype IDs (6) 120 Alien Tech Used (0) 0 Bonus (1841) 1841 TOTAL SCORE: 11804 Bonus ------- High Alert Combat Kills 97 Follower Combat Kills 685 Entered DSFs 500 Met Imprinter 300 Was Imprinted 300 Friendly Fire -41 Cogmind --------- Core Integrity 0/1300 Matter 158/300 Energy 150/150 System Corruption 7% Temperature Cool (0) Movement Flying (120) Ox1 Location -3/Research Parts ------- > --- POWER (1) -------- Micro Antimatter Reactor > --- PROPULSION (6) --- Q-thruster > --- UTILITY (12) ----- Advanced Signal Interpreter > --- WEAPON (2) ------- Force Lance > --- INVENTORY (5) ---- (None) Peak State ------------ > --- POWER ------------ Zionite Light DM Reactor > --- PROPULSION ------- Improved Medium Treads Armored Medium Treads Heavy Treads > --- UTILITY ---------- Power Amplifier Advanced Heat Sink Large Storage Unit Targeting Computer Armor Integrity Analyzer Phase Shifter Improved Medium Armor Plating Improved Heavy Armor Plating Improved Focal Shield > --- WEAPON ----------- Magnetic Acceleration Cannon Improved Proton Missile Launcher > --- INVENTORY -------- Light Nuclear Core Light Nuclear Core Light Nuclear Core Improved Deuterium Engine Light Angular Momentum Engine Improved Treads Improved VSS Leg Cesium-ion Thruster Small Storage Unit Experimental Sensor Array Gauss Rifle Gauss Cannon Bore Cannon RU-N14's Throwing Claymores Phasing Sabre [Rating: 88] Favorites ----------- Power Zionite Light DM Reactor Engine Light Ion Engine Power Core Light Nuclear Core Reactor Zionite Light DM Reactor Propulsion Improved VSS Leg Treads Improved Medium Treads Leg Improved VSS Leg Wheel Wheel Flight Unit Cesium-ion Thruster Utility Improved Light Armor Plating Device Advanced Heat Sink Storage Small Storage Unit Processor Targeting Computer Hackware Makeshift Hacking Suite Protection Improved Light Armor Plating Weapon Phasing Sabre Energy Cannon Compact HERF Cannon Ballistic Gun Assault Rifle Ballistic Cannon Gauss Cannon Launcher Improved Proton Missile Launcher Special Weapon RU-N14's Throwing Claymores Slashing Weapon Phasing Sabre Piercing Weapon Force Lance Build | -11 -10 -10 -9 -9 -7 -6 -6 -5 -5 -4 -4 -3 ------- Run | Scr Mat Min Mat Min Zio Pro Fac Fac Ext Fac DSF Res Slots Evolved 14 | . . . 2 . . . 6 2 . 2 . 2 Power . | . . . . . . . . . . . . . Propulsion 4 | . . . 1 . . . 1 . . . . 2 Utility 10 | . . . 1 . . . 5 2 . 2 . . Weapon . | . . . . . . . . . . . . . Parts Attached 172 | 1 2 3 13 3 5 2 28 19 36 1 27 32 Power 13 | . . 1 2 . . . 1 4 . . 1 4 Engine 8 | . . 1 2 . . . . 2 . . 1 2 Core 1 | . . . . . . . . . . . . 1 Reactor 4 | . . . . . . . 1 2 . . . 1 Propulsion 51 | . . . 6 . . . 7 5 8 . 14 11 Treads 25 | . . . 3 . . . . 3 8 . 9 2 Leg 17 | . . . . . . . 6 2 . . 4 5 Wheel 1 | . . . . . . . . . . . . 1 Hover . | . . . . . . . . . . . . . Flight 8 | . . . 3 . . . 1 . . . 1 3 Utility 62 | . 1 . 2 1 3 . 16 8 18 1 6 6 Device 30 | . 1 . 1 . 2 . 7 5 10 1 1 2 Storage 3 | . . . . . . . 1 . . . . 2 Processor 8 | . . . . . . . 1 . 4 . 2 1 Hackware 3 | . . . . . 1 . 1 . . . 1 . Protection 18 | . . . 1 1 . . 6 3 4 . 2 1 Artifact . | . . . . . . . . . . . . . Weapon 46 | 1 1 2 3 2 2 2 4 2 10 . 6 11 Energy Gun . | . . . . . . . . . . . . . Energy Cannon 1 | . . . . . . . . . . . . 1 Ballistic Gun 16 | 1 1 1 2 1 . . . . . . 5 5 Ballistic Cannon 7 | . . . . . . . 2 . 4 . . 1 Launcher 8 | . . 1 1 1 . 1 1 1 2 . . . Special Weapon 4 | . . . . . 1 . . . 3 . . . Impact Weapon . | . . . . . . . . . . . . . Slashing Weapon 9 | . . . . . 1 1 1 1 1 . 1 3 Piercing Weapon 1 | . . . . . . . . . . . . 1 Special Melee Weapon . | . . . . . . . . . . . . . Unidentified Prototypes 6 | . . . 1 . 2 . 2 . 1 . . . Corrupted Parts 5 | . . . . . . . . . 3 . 1 1 System Corruption 11 | . . . . . . . . . 9 . 1 1 Parts Lost 73 | . . . 1 . . . 3 5 12 . 32 20 Power 4 | . . . . . . . . . . . 2 2 Propulsion 22 | . . . 1 . . . . 1 4 . 9 7 Utility 36 | . . . . . . . 3 4 7 . 15 7 Weapon 11 | . . . . . . . . . 1 . 6 4 Highest Loss Streak 16 | . . . 1 . . . 2 2 7 . 16 8 To Critical Strikes . | . . . . . . . . . . . . . Average Slot Usage (%) 77 | . 86 100 88 89 88 88 95 71 80 86 55 19 Engine 4 | . 14 14 10 11 11 11 3 . . . 2 . Reactor 2 | . . . . . . . 2 4 5 5 . . Treads 4 | . . . 5 . . . . 3 17 15 9 1 Leg 8 | . 28 28 12 . . . 23 13 . . 2 3 Flight 8 | . . . 11 33 33 33 2 . . . . 2 Device 11 | . 1 14 14 11 1 . 16 13 21 28 9 . Storage 7 | . 14 14 11 11 11 11 6 5 5 5 4 1 Processor 3 | . . . . . . . . 3 8 15 13 1 Hackware 3 | . . . . . 9 11 5 . . . . . Protection 9 | . . . 5 11 11 11 20 11 8 5 4 . Ballistic Gun 2 | . 28 15 15 11 4 . . . . . 3 . Ballistic Cannon 3 | . . . . . . . 7 6 6 10 2 . Launcher 1 | . . 12 4 1 . . . 1 1 . . . Slashing Weapon 3 | . . . . . 6 10 3 2 . . 1 3 Naked Turns 33 | . . . . . . . . . . . . 33 Heaviest Build 74 | 14 14 16 21 15 15 15 58 70 74 63 63 24 Greatest Support 140 | 20 20 20 60 15 15 15 60 123 130 128 140 80 Greatest Overweight (x) 8 | . . . 2 . . . 1 2 . . 8 1 Average Overweight (x) . | . . . . . . . . . . . . . Largest Inventory Capacity 15 | 8 8 8 8 8 8 8 15 15 15 15 15 8 Average Capacity 10 | 8 8 8 8 8 8 8 9 15 15 15 13 5 Most Carried 15 | 6 8 8 8 8 8 8 13 15 15 15 15 6 Average Carried 9 | 6 6 8 7 7 7 8 7 14 14 15 10 3 Final Capacity 15 | 8 8 8 8 8 8 8 15 15 15 15 5 5 Final Carried 15 | 6 8 8 8 8 8 8 13 15 15 15 5 . Class Distribution -------------------- 36% | Mutant 26% | Sprinter 22% | Scavenger-Mutant 14% | Messiah-Mutant Dominant Class ---------------- Mutant | -10/Materials Mutant | -10/Mines Mutant | -9/Materials Sprinter | -9/Mines Sprinter | -7/Zion Sprinter | -6/Proximity Caves Mutant | -6/Factory Messiah-Mutant | -5/Factory Scavenger-Mutant | -5/Extension Scavenger-Mutant | -4/Factory Mutant | -4/DSF Mutant | -3/Research Resources | -11 -10 -10 -9 -9 -7 -6 -6 -5 -5 -4 -4 -3 ----------- Run | Scr Mat Min Mat Min Zio Pro Fac Fac Ext Fac DSF Res Matter Collected 3168 | 200 114 30 133 114 83 69 376 434 1007 . 101 507 Remotely 985 | . 10 30 133 78 53 . . . 585 . 96 . Salvage Created 3774 | . 382 30 216 31 . 45 281 332 1460 . 429 568 Parts 184 | . 14 1 21 8 . 6 16 19 58 . 19 22 Haulers Intercepted 1 | . . . . . . . . . 1 . . . Recyclers Shooed 3 | . . . . . . . . . 2 . . 1 Parts Field Recycled . | . . . . . . . . . . . . . Retrieved Matter . | . . . . . . . . . . . . . Parts Self-Destructed 13 | . . . . . . 13 . . . . . . Prevented . | . . . . . . . . . . . . . Kills | -11 -10 -10 -9 -9 -7 -6 -6 -5 -5 -4 -4 -3 ------- Run | Scr Mat Min Mat Min Zio Pro Fac Fac Ext Fac DSF Res Combat Hostiles Destroyed 72 | . 5 2 8 4 . 4 9 5 21 . 6 8 Melee 11 | . . . . . . . . 3 . . 3 5 Guns 13 | . 5 . 4 1 . . . . . . 3 . Cannons 25 | . . . . . . . 9 . 13 . . 3 AOE 22 | . . 2 4 3 . 4 . 1 8 . . . Classes Destroyed 16 | . 2 1 1 . . . 1 5 3 . 2 1 Worker 2 | . . . . . . . . . . . . 2 Builder 1 | . . . . . . . . 1 . . . . Tunneler 3 | . . . . . . . . 1 2 . . . Hauler 1 | . . . . . . . . . 1 . . . Recycler 9 | . 4 . . . . . . . 5 . . . Operator 1 | . . . . . . . . 1 . . . . Watcher 1 | . . . . . . . . . 1 . . . Swarmer 28 | . 5 . 4 4 . 4 2 1 8 . . . Grunt 21 | . . 2 . . . . 3 1 8 . 2 5 Brawler 1 | . . . . . . . . 1 . . . . Duelist 3 | . . . . . . . . . . . 1 2 Sentry 8 | . . . 4 . . . 3 . 1 . . . Hunter 7 | . . . . . . . . 2 2 . 2 1 Programmer 1 | . . . . . . . 1 . . . . . Heavy 1 | . . . . . . . . . . . 1 . Behemoth 2 | . . . . . . . . . 2 . . . Best Kill Streak 10 | . 6 2 5 4 . 4 3 3 10 . 2 3 Combat Bots Only 5 | . 2 2 5 4 . 4 3 2 5 . 2 3 Max Kills in Single Turn 4 | . 1 1 4 3 . 2 1 1 2 . 1 1 Gunslinging . | . . . . . . . . . . . . . Exploded 3 | . . 1 3 3 . 2 . 1 2 . . . Melee 1 | . . . . . . . . 1 . . 1 1 Uniques/NPCs Destroyed . | . . . . . . . . . . . . . Combat | -11 -10 -10 -9 -9 -7 -6 -6 -5 -5 -4 -4 -3 -------- Run | Scr Mat Min Mat Min Zio Pro Fac Fac Ext Fac DSF Res Damage Taken 13176 | . 250 73 229 64 . 62 922 889 2587 . 5016 3084 Core 2934 | . 54 . 11 . . 20 140 . 258 . 1136 1315 Absorbed by Shields 225 | . . . . . . . . . 143 . . 82 Redirected to Shielding 642 | . . . . . . . 138 133 100 . 163 108 Regen/Repaired (Parts) 199 | . . . . . . . . . 160 . 39 . Core Remaining (%) 71 | 100 . 78 . . . 92 83 . 74 . 1 . Volleys Fired 206 | . 15 6 11 3 . 4 24 12 69 . 37 25 Largest 2 | . 2 2 2 2 . 1 2 1 2 . 2 2 Hottest 105 | . 40 50 54 53 . 30 101 53 105 . 76 96 Shots Fired 325 | . 30 11 18 6 . 4 48 12 106 . 63 27 Gun 111 | . 30 6 17 3 . . . . . . 43 12 Cannon 176 | . . . . . . . 48 5 88 . 20 15 Launcher 28 | . . 5 1 3 . 4 . 7 8 . . . Special 10 | . . . . . . . . . 10 . . . Kinetic 285 | . 30 6 17 3 . . 48 5 88 . 63 25 Thermal . | . . . . . . . . . . . . . Explosive 23 | . . 5 1 3 . 4 . . 10 . . . Electromagnetic 17 | . . . . . . . . 7 8 . . 2 Robot Hit Streak 29 | . 8 4 5 6 . . 10 5 22 . 29 15 Robot Miss Streak 5 | . 2 4 5 1 . 1 4 1 4 . 2 2 Penetration Max 2 | . . . . . . . . . 2 . 1 1 Secondary Targets 1 | . 1 . . . . . . . . . . . Max Gunslinging Chain 1 | . 1 . . . . . . . . . . . Shots Hit Robots 272 | . 20 4 12 3 . . 28 19 73 . 57 56 Core Hits 156 | . 9 5 13 4 . 8 13 10 48 . 25 21 Critical Kills 11 | . . . . . . . . . 10 . . 1 Critical Parts Destroyed 16 | . 1 . . . . . . . 9 . . 6 Critical Strikes 46 | . 1 . . . . . 6 2 24 . 3 10 Destroy 27 | . 1 . . . . . . . 19 . . 7 Blast 9 | . . . . . . . 6 . 2 . 1 . Sever 10 | . . . . . . . . 2 3 . 2 3 Melee Attacks 75 | . . . . . 1 . 2 16 3 . 10 43 Impact . | . . . . . . . . . . . . . Slashing 73 | . . . . . 1 . 2 16 3 . 10 41 Piercing 2 | . . . . . . . . . . . . 2 Sneak Attacks 5 | . . . . . . . . 2 . . . 3 Combat Hostiles . | . . . . . . . . . . . . . Follow-up Attacks 2 | . . . . . . . . . . . . 2 Damage Inflicted 10810 | . 276 199 406 129 . 235 828 1029 4189 . 1656 1863 Guns 1712 | . 276 14 233 43 . . . . . . 883 263 Cannons 3630 | . . . . . . . 828 126 1869 . 551 256 Explosions 2965 | . . 185 173 86 . 235 . 336 1950 . . . Melee 2094 | . . . . . . . . 546 . . 213 1335 Ramming 49 | . . . . . . . . 21 10 . 9 9 Kinetic 5290 | . 276 14 233 43 . . 828 126 1869 . 1434 467 Thermal 50 | . . . . . . . . 50 . . . . Explosive 2255 | . . 185 173 86 . 235 . . 1576 . . . Electromagnetic 712 | . . . . . . . . 286 374 . . 52 Impact . | . . . . . . . . . . . . . Slashing 2408 | . . . . . . . . 546 360 . 213 1289 Piercing 46 | . . . . . . . . . . . . 46 Highest Corruption 17 | . . . . . . . 7 6 17 . 2 7 Average Corruption 7 | . . . . . . . 6 5 10 . 1 2 Corruption Purged . | . . . . . . . . . . . . . Corruption Blocked . | . . . . . . . . . . . . . Effects 61 | . . . . . . . 23 4 33 . 1 . Message Errors 19 | . . . . . . . 3 2 14 . . . Matter Fused 10 | . . . . . . . 7 1 2 . . . Heat Flow Errors 3 | . . . . . . . 2 1 . . . . Energy Discharges 6 | . . . . . . . 1 . 4 . 1 . Parts Rejected 3 | . . . . . . . 2 . 1 . . . Data Loss (minor) 6 | . . . . . . . 2 . 4 . . . Data Loss (major) 5 | . . . . . . . 3 . 2 . . . Misfires 3 | . . . . . . . 1 . 2 . . . Alerts 1 | . . . . . . . 1 . . . . . Misdirections 1 | . . . . . . . . . 1 . . . Weapon Failures 4 | . . . . . . . 1 . 3 . . . Overload Shots . | . . . . . . . . . . . . . Overflow Damage 284 | . . . . . . . 10 68 94 . . 112 Projectiles 45 | . . . . . . . 10 . 35 . . . Explosions 59 | . . . . . . . . . 59 . . . Melee 180 | . . . . . . . . 68 . . . 112 Knockbacks 25 | . . . . . . . 8 . 11 . 3 3 Impact 1 | . . . . . . . . . 1 . . . Kinetic 23 | . . . . . . . 7 . 10 . 3 3 Secondary 1 | . . . . . . . 1 . . . . . Self-Inflicted Damage 98 | . . 22 . 15 . 16 . . 41 . . 4 Shots 5 | . . 1 . 1 . 1 . . 2 . . . Rammed 10 | . . . . . . . . . 2 . 5 3 Targets Rammed 16 | . 1 . . . . . . 5 2 . 5 3 Kicked 6 | . 1 . . . . . . 5 . . . . Crushed . | . . . . . . . . . . . . . Highest Temperature 298 | . . 35 21 . . . 155 233 298 . . 18 Average Temperature 87 | . . 15 7 . . . 51 43 119 . . 8 Received Heat Transfer 1996 | . . 27 96 . . 9 270 99 529 . 617 349 Siege Activations . | . . . . . . . . . . . . . Robots Corrupted 1 | . . . . . . . . 1 . . . . Combat Hostiles 1 | . . . . . . . . 1 . . . . Parts Fried 7 | . . . . . . . . 5 1 . . 1 Impact Corruptions . | . . . . . . . . . . . . . Robots Melted . | . . . . . . . . . . . . . Combat Hostiles . | . . . . . . . . . . . . . Parts Melted . | . . . . . . . . . . . . . Heat Transferred 100 | . . . . . . . . 100 . . . . Parts Sabotaged . | . . . . . . . . . . . . . Parts Stolen . | . . . . . . . . . . . . . Parts Stripped . | . . . . . . . . . . . . . Power Chain Reactions 1 | . . . . . . . . 1 . . . . Missiles Intercepted . | . . . . . . . . . . . . . Alert | -11 -10 -10 -9 -9 -7 -6 -6 -5 -5 -4 -4 -3 ------- Run | Scr Mat Min Mat Min Zio Pro Fac Fac Ext Fac DSF Res Peak Influence 601 | . 215 220 530 389 . . 328 165 601 259 181 225 Initial 254 | . . 83 85 206 . . . 127 80 254 181 19 Average 167 | . 117 161 196 352 . . 108 74 319 254 84 125 Maximum Alert Level 2 | . 1 1 2 1 . . 1 . 2 1 . 1 Low Security (%) 67 | 100 66 46 73 . . . 72 100 31 . 100 84 Level 1 23 | . 33 53 11 100 . . 27 . 32 100 . 15 Level 2 9 | . . . 15 . . . . . 36 . . . Level 3 . | . . . . . . . . . . . . . Level 4 . | . . . . . . . . . . . . . Level 5 . | . . . . . . . . . . . . . High Security . | . . . . . . . . . . . . . Max Security . | . . . . . . . . . . . . . Squads Dispatched 18 | . . . 1 . . . 4 3 5 . 2 3 Investigation 6 | . . . . . . . 1 1 2 . . 2 Extermination 2 | . . . . . . . 1 . . . . 1 Reinforcement 8 | . . . 1 . . . 2 . 3 . 2 . Assault 1 | . . . . . . . . 1 . . . . Garrison 1 | . . . . . . . . 1 . . . . Intercept . | . . . . . . . . . . . . . Searches Triggered . | . . . . . . . . . . . . . Construction Impeded 2 | . . . . . . . . . 2 . . . Haulers Reinforced . | . . . . . . . . . . . . . Active Scanning Responses . | . . . . . . . . . . . . . Cargo Convoy Interrupts . | . . . . . . . . . . . . . Stealth | -11 -10 -10 -9 -9 -7 -6 -6 -5 -5 -4 -4 -3 --------- Run | Scr Mat Min Mat Min Zio Pro Fac Fac Ext Fac DSF Res Distress Signals 5 | . 1 . 1 . . . 1 1 1 . . . Communications Jammed . | . . . . . . . . . . . . . Distress Signals . | . . . . . . . . . . . . . Times Spotted 152 | . 11 2 13 4 . 8 22 12 43 . 16 21 Peak Tracking Total 9 | . 5 2 5 4 . 4 7 3 7 . 9 5 Tactical Retreats 20 | . 2 . 2 . . . 2 1 7 . . 6 Traps | -11 -10 -10 -9 -9 -7 -6 -6 -5 -5 -4 -4 -3 ------- Run | Scr Mat Min Mat Min Zio Pro Fac Fac Ext Fac DSF Res Traps Triggered 6 | . . . . . . . 4 2 . . . . Indirectly . | . . . . . . . . . . . . . Trap Hack Attempts . | . . . . . . . . . . . . . Triggered . | . . . . . . . . . . . . . Disarmed . | . . . . . . . . . . . . . Reprogrammed . | . . . . . . . . . . . . . Reused . | . . . . . . . . . . . . . Traps Extracted . | . . . . . . . . . . . . . Installed . | . . . . . . . . . . . . . Triggered . | . . . . . . . . . . . . . Machines | -11 -10 -10 -9 -9 -7 -6 -6 -5 -5 -4 -4 -3 ---------- Run | Scr Mat Min Mat Min Zio Pro Fac Fac Ext Fac DSF Res Machines Disabled 10 | . . . 1 . . . 2 3 3 . . 1 Max in Single Turn 2 | . . . 1 . . . 1 2 1 . . 1 Garrison Access 1 | . . . . . . . . 1 . . . . Machines Sabotaged . | . . . . . . . . . . . . . Garrisons Compromised . | . . . . . . . . . . . . . Overloaded Fab Kills . | . . . . . . . . . . . . . Hacking | -11 -10 -10 -9 -9 -7 -6 -6 -5 -5 -4 -4 -3 --------- Run | Scr Mat Min Mat Min Zio Pro Fac Fac Ext Fac DSF Res Machines Accessed 11 | . 1 . 3 1 . . . . 4 1 . 1 Terminals 9 | . 1 . 3 1 . . . . 3 1 . . Fabricators . | . . . . . . . . . . . . . Repair Stations 1 | . . . . . . . . . 1 . . . Recycling Units . | . . . . . . . . . . . . . Scanalyzers . | . . . . . . . . . . . . . Garrison Access 1 | . . . . . . . . . . . . 1 Total Hacks 24 | . 1 . 7 3 . . . . 9 2 . 2 Successful 7 | . 1 . 1 . . . . . 4 1 . . Failed 17 | . . . 6 3 . . . . 5 1 . 2 Catastrophic 4 | . . . 2 1 . . . . . . . 1 Database Lockouts . | . . . . . . . . . . . . . Manual 25 | . . . 1 3 . . 9 8 2 . . 2 Terminals 18 | . 1 . 7 3 . . . . 5 2 . . Fabricators . | . . . . . . . . . . . . . Repair Stations 4 | . . . . . . . . . 4 . . . Recycling Units . | . . . . . . . . . . . . . Scanalyzers . | . . . . . . . . . . . . . Garrison Access 2 | . . . . . . . . . . . . 2 Terminal Hacks 6 | . 1 . 1 . . . . . 3 1 . . Open Door 3 | . . . . . . . . . 3 . . . Open DSF 1 | . . . . . . . . . . 1 . . Zone Layout 2 | . 1 . 1 . . . . . . . . . Fabricator Hacks . | . . . . . . . . . . . . . Repair Station Hacks 1 | . . . . . . . . . 1 . . . Scan Component 1 | . . . . . . . . . 1 . . . Recycling Unit Hacks . | . . . . . . . . . . . . . Scanalyzer . | . . . . . . . . . . . . . Garrison Access Hacks . | . . . . . . . . . . . . . Unauthorized Hacks . | . . . . . . . . . . . . . Terminals . | . . . . . . . . . . . . . Fabricators . | . . . . . . . . . . . . . Repair Stations . | . . . . . . . . . . . . . Recycling Units . | . . . . . . . . . . . . . Scanalyzers . | . . . . . . . . . . . . . Garrison Access . | . . . . . . . . . . . . . Data Cores Recovered . | . . . . . . . . . . . . . Used . | . . . . . . . . . . . . . Hacking Detections 9 | . 1 . 3 1 . . . . 3 . . 1 Full Trace Events 2 | . . . . . . . . . 2 . . . Feedback Events 1 | . . . . . . . . . 1 . . . Corruption 1 | . . . . . . . . . 1 . . . Feedback Blocked . | . . . . . . . . . . . . . Robot Schematics Acquired 2 | . . . . . 2 . . . . . . . Robots Built . | . . . . . . . . . . . . . Authchips . | . . . . . . . . . . . . . Time . | . . . . . . . . . . . . . Total Robot Build Rating . | . . . . . . . . . . . . . Part Schematics Acquired 15 | . . . . . 15 . . . . . . . Parts Built . | . . . . . . . . . . . . . Authchips . | . . . . . . . . . . . . . Time . | . . . . . . . . . . . . . Total Part Build Rating . | . . . . . . . . . . . . . Parts Repaired . | . . . . . . . . . . . . . Time . | . . . . . . . . . . . . . Parts Recycled . | . . . . . . . . . . . . . Recycled Matter . | . . . . . . . . . . . . . Retrieved Matter . | . . . . . . . . . . . . . Retrieved Components . | . . . . . . . . . . . . . Parts Scanalyzed . | . . . . . . . . . . . . . Part Schematics Acquired . | . . . . . . . . . . . . . Parts Damaged . | . . . . . . . . . . . . . Bothacking | -11 -10 -10 -9 -9 -7 -6 -6 -5 -5 -4 -4 -3 ------------ Run | Scr Mat Min Mat Min Zio Pro Fac Fac Ext Fac DSF Res Used RIF Installer . | . . . . . . . . . . . . . Robots Hacked . | . . . . . . . . . . . . . Non-combat . | . . . . . . . . . . . . . Combat . | . . . . . . . . . . . . . Robot Hacks Applied . | . . . . . . . . . . . . . Relay Couplers Released 3 | . . . . . . . . 3 . . . . Machine Destruction 3 | . . . . . . . . 3 . . . . Fabnet Peak Effective % . | . . . . . . . . . . . . . Robots Rewired . | . . . . . . . . . . . . . Allies Hacked . | . . . . . . . . . . . . . Hacks Repelled . | . . . . . . . . . . . . . Allies | -11 -10 -10 -9 -9 -7 -6 -6 -5 -5 -4 -4 -3 -------- Run | Scr Mat Min Mat Min Zio Pro Fac Fac Ext Fac DSF Res Total Allies 19 | . . . . . 4 . 3 1 8 . . 3 Largest Group 4 | . . . . . 4 4 3 1 4 . . 3 Highest-Rated Group 329 | . . . . . 152 152 210 27 329 . . 117 Highest-Rated Ally 159 | . . . . . 39 39 70 27 159 . . 39 Zionite Dispatches 5 | . . . . . . . 2 1 1 . . 1 Heavy 1 | . . . . . . . . . 1 . . . Light 1 | . . . . . . . 1 . . . . . Recon 1 | . . . . . . . 1 . . . . . Fire 1 | . . . . . . . . . . . . 1 Heavy Resupply 1 | . . . . . . . . 1 . . . . Total Orders 4 | . . . . . . . 2 2 . . . . ROAM 1 | . . . . . . . . 1 . . . . DROP 1 | . . . . . . . . 1 . . . . EXPLORE 2 | . . . . . . . 2 . . . . . Ally Attacks 108 | . . . . . . 22 29 . 47 . . 10 Total Damage 2527 | . . . . . . 449 647 . 1268 . . 163 Kills 16 | . . . . . . 4 4 . 5 . . 3 Allies Corrupted 2 | . . . . . . . . . 2 . . . Allies Melted . | . . . . . . . . . . . . . Intel | -11 -10 -10 -9 -9 -7 -6 -6 -5 -5 -4 -4 -3 ------- Run | Scr Mat Min Mat Min Zio Pro Fac Fac Ext Fac DSF Res Robot Analysis Total . | . . . . . . . . . . . . . Derelict Logs Recovered 3 | . . 1 . 1 1 . . . . . . . Drone Launches 2 | . . . . . . . 2 . . . . . Drone Recoveries . | . . . . . . . . . . . . . Zionite Intel Received 1 | . . . . . . . . 1 . . . . Branch Access 1 | . . . . . . . . 1 . . . . Exploration | -11 -10 -10 -9 -9 -7 -6 -6 -5 -5 -4 -4 -3 ------------- Run | Scr Mat Min Mat Min Zio Pro Fac Fac Ext Fac DSF Res Turns Passed 5247 | 2 165 148 223 100 604 540 844 843 979 63 278 458 Spaces Moved 4636 | 1 81 107 267 274 1323 269 807 486 452 39 103 427 Core 62 | . . . . . . . . . . . 2 60 Treads 662 | . . . 2 . . . . 113 452 39 35 21 Legs 1278 | 1 81 107 73 . . . 591 373 . . 15 37 Wheels 37 | . . . . . . . . . . . . 37 Hover . | . . . . . . . . . . . . . Flight 2597 | . . . 192 274 1323 269 216 . . . 51 272 Fastest Speed 26 | 120 120 120 29 29 29 29 26 90 160 160 35 34 Average Speed 73 | 120 120 120 56 29 29 29 80 140 161 160 98 56 Slowest Speed 450 | 120 120 120 195 29 29 29 180 270 163 160 450 145 Overloaded Moves . | . . . . . . . . . . . . . Propulsion Burnouts . | . . . . . . . . . . . . . Robots Hopped 9 | . . . 2 1 . . 2 . . . 1 3 Cave-ins Triggered . | . . . . . . . . . . . . . Exploration Rate (%) 37 | 2 27 35 28 60 89 44 27 11 57 2 89 12 Regions Visited 12 Branch Regions 5 Pre-discovered Areas 2 | . . . . 1 1 . . . . . . . Known Exits Taken 2 | . . . . . . . . 1 . 1 . . Unknown Exits Taken 9 | 1 1 1 1 1 1 1 1 . 1 . . . Scrap Searched 10 | . . . . 3 5 2 . . . . . . Spaces Dug 1 | . . . . . . . . . . . . 1 Terrain Destroyed 195 | . . 47 27 24 . 23 11 2 58 . . 3 Melee 1 | . . . . . . . . . . . . 1 Projectile 34 | . . . . . . . 11 . 21 . . 2 AOE 160 | . . 47 27 24 . 23 . 2 37 . . . Terrain Rammed . | . . . . . . . . . . . . . Walls Destroyed . | . . . . . . . . . . . . . Machines Disabled . | . . . . . . . . . . . . . Actions | -11 -10 -10 -9 -9 -7 -6 -6 -5 -5 -4 -4 -3 --------- Run | Scr Mat Min Mat Min Zio Pro Fac Fac Ext Fac DSF Res Total 6010 | 1 118 117 319 290 1541 725 949 599 579 39 190 543 Wait 802 | . 17 . 14 . 206 451 53 45 5 . 3 8 Move 4606 | . 80 106 262 271 1322 268 802 485 451 38 100 421 Hop 9 | . . . 2 1 . . 2 . . . 1 3 Pick Up 55 | . 2 . 5 5 2 . 20 4 8 . 2 7 Fast Attach 90 | . 1 1 7 1 3 . 13 9 16 1 19 19 Attach 47 | . . . 4 1 . . 10 4 8 . 8 12 Detach 11 | . . . 2 1 . . 2 4 . . . 2 Swap 35 | 1 1 2 2 1 2 2 5 6 12 . . 1 Drop 61 | . 1 2 10 6 5 . 16 9 5 . 5 2 Fire 206 | . 15 6 11 3 . 4 24 12 69 . 37 25 Melee 72 | . . . . . 1 . 2 16 3 . 10 40 Ram 3 | . . . . . . . . . . . . 3 Kick 6 | . 1 . . . . . . 5 . . . . Crush 7 | . . . . . . . . . 2 . 5 . Escape Stasis . | . . . . . . . . . . . . . Rewire . | . . . . . . . . . . . . . Trap . | . . . . . . . . . . . . . Miscellaneous . | . . . . . . . . . . . . . Route ------- -11/Scrapyard -10/Materials -10/Mines -9/Materials -9/Mines -7/Zion -6/Proximity Caves -6/Factory -5/Factory (discovered 4 exits: Upp x2 / *Ext x2) -5/Extension (discovered 2 exits: *Fac / [*Cet]) -4/Factory -4/DSF -3/Research History --------- Turn | Location | Event 3 | -11/Scrapyard | Discovered new exit (range 0) 3 | -11/Scrapyard | Entered Materials 155 | -10/Materials | Discovered new exit (range 12) 168 | -10/Materials | Entered Mines 169 | -10/Mines | Assembled infested the area 174 | -10/Mines | Assisted by a Guerilla fighting off Assembled 262 | -10/Mines | A weapon hastily lodged in a ceiling crevice suddenly fell to the ground 291 | -10/Mines | Learned Materials stockpile data 305 | -10/Mines | Build established: Mutant 306 | -10/Mines | Discovered new exit (range 10) 316 | -10/Mines | Entered Materials 316 | -9/Materials | Evolved 2 slots: Propulsion x1, Utility x1 537 | -9/Materials | Discovered new exit (range 7) 539 | -9/Materials | Entered Mines 616 | -9/Mines | Learned location of Storage (-8) 618 | -9/Mines | Found a damaged Exp. Sensor Array with a note attached 621 | -9/Mines | Found Prototype Device 636 | -9/Mines | A Derelict revealed a hidden shortcut to a safe place 639 | -9/Mines | Entered Zion 666 | -7/Zion | Learned location of Armory (-4) 727 | -7/Zion | Identified Exp. Sensor Array 751 | -7/Zion | Build established: Sprinter 768 | -7/Zion | Learned Factory terminal intel 857 | -7/Zion | Found Prototype Special Weapon 857 | -7/Zion | Identified RU-N14's Throwing Claymores 860 | -7/Zion | Found RU-N14's Throwing Claymores 903 | -7/Zion | Discovered new exit (range 13) 988 | -7/Zion | Imprinted 990 | -7/Zion | Declared Zion's savior 1243 | -7/Zion | Entered Proximity Caves 1243 | -6/Proximity Caves | Accompanied by 4 allies 1320 | -6/Proximity Caves | Spotted B-75 Beast 1370 | -6/Proximity Caves | Discovered new exit (range 8) 1783 | -6/Proximity Caves | Entered Factory 1783 | -6/Factory | Evolved 6 slots: Propulsion x1, Utility x5 1784 | -6/Factory | Loaded intel: 24 terminal locations 1807 | -6/Factory | Spotted B-75 Beast 1825 | -6/Factory | Zion Recon squad teleported in 2134 | -6/Factory | Build established: Mutant 2200 | -6/Factory | Zion Light squad teleported in 2276 | -6/Factory | Found Prototype Protection 2276 | -6/Factory | Identified Zio. Weapon Casing 2412 | -6/Factory | Found Zio. Weapon Casing 2597 | -6/Factory | Discovered new exit (range 12) 2627 | -6/Factory | Entered another Factory area 2627 | -5/Factory | Evolved 2 slots: Utility x2 2686 | -5/Factory | Zion Heavy Resupply teleported in 2926 | -5/Factory | Build established: Messiah-Mutant 3106 | -5/Factory | Retrieved Zion intel report: Branch Access 3106 | -5/Factory | Identified exit to Upper Caves 3106 | -5/Factory | Identified exit to Extension 3416 | -5/Factory | Garrison activated, responded to threat 3470 | -5/Factory | Entered Extension 3560 | -5/Extension | Build established: Mutant 3561 | -5/Extension | Rescued a captive Derelict 3562 | -5/Extension | Rescued a captive Derelict 3694 | -5/Extension | Rescued a captive Derelict 3776 | -5/Extension | Rescued A7 3856 | -5/Extension | Zion Heavy squad teleported in 3974 | -5/Extension | Spotted B-75 Beast 3981 | -5/Extension | Rescued a captive Derelict 3982 | -5/Extension | Rescued a captive Derelict 3987 | -5/Extension | Spotted B-75 Beast 4011 | -5/Extension | Destroyed B-75 Beast 4028 | -5/Extension | Destroyed B-75 Beast 4040 | -5/Extension | System corruption reached 10% 4045 | -5/Extension | Disrupted transfer network 4052 | -5/Extension | Lost 7 parts (2n4u1w) 4060 | -5/Extension | Build established: Scavenger-Mutant 4063 | -5/Extension | Found Zio. Weapon Casing 4084 | -5/Extension | Found Prototype Protection 4084 | -5/Extension | Identified Med. Regenerative Plating 4420 | -5/Extension | Discovered new exit (range 16) 4422 | -5/Extension | Discovered new exit (range 15) 4449 | -5/Extension | Entered Factory 4449 | -4/Factory | Evolved 2 slots: Utility x2 4510 | -4/Factory | Identified exit to DSF 4512 | -4/Factory | Entered DSF 4548 | -4/DSF | Additional patrols routed to DSF 4662 | -4/DSF | Lost 16 parts (1p4n8u3w) 4729 | -4/DSF | Core integrity fell below 50% 4758 | -4/DSF | Core integrity fell below 20% 4784 | -4/DSF | Discovered new exit (range 15) 4790 | -4/DSF | Entered Research 4790 | -3/Research | Evolved 2 slots: Propulsion x2 4796 | -3/Research | Lost 16 parts (1p5n7u3w) 4823 | -3/Research | Zion Fire squad teleported in 4975 | -3/Research | Lost 6 parts (1p1n4u) 4984 | -3/Research | Build established: Mutant 5037 | -3/Research | Core integrity fell below 50% 5097 | -3/Research | Lost 8 parts (1p4n2u1w) 5150 | -3/Research | Released all parts (4) 5170 | -3/Research | Core integrity fell below 20% 5178 | -3/Research | Lost 3 parts (3w) 5248 | -3/Research | Destroyed by P-80 Master with Gamma Rifle Last Messages --------------- 05150_ P-80 Master resets P-80 Master, system corruption cleaned. 05150_ Released Com. HERF Cannon. 05150_ Released Wheel. 05150_ Released Lgt. Angular Momentum Engine. 05150_ Released Flexi-carbon Leg. 05150_ Slammed into P-80 Master. 05158_ ALERT: Cargo convoy en route, clear transfer corridor. 05178_ Acquired Q-thruster. 05198_ Acquired Adv. Signal Interpreter. 05205_ Q-thruster destroyed. 05212_ O-24 Administrator: "IFF HANDSHAKE FAILED. SECURING TERMINAL." 05214_ Detecting system override signal. 05216_ ALERT: Suspicious activity at Terminal R009. Dispatching Investigation squad. 05216_ O-24 Administrator resets terminal and reports anomaly. 05216_ O-24 Administrator locks terminal. 05225_ Acquired Force Lance. 05240_ Wave Intensifier disabled. 05242_ Q-thruster destroyed. 05243_ Fabricator disabled. Map ----- +----------------------------------------------------+ | ??????????????????????????????????????? | | ??????????????????????????????????????? | | ????????????????????????????????????????########## | | ????????????????????????????????????????# ! | | ????????????????????????????????????????# | | ?????????????????????????????? ????????????""" | | ?????????????????????????????? ??????????? "R | | ?????????????????????????????? ????????????""" ? | | ?????????????????????????????? ?????????????"" ??? | | ?????????????????????????????? ????????????? ???? | | ?????????????????????????????? ??????????? ?????? | | ?????????????????????????????? ??????????????????? | | ?????????????????????????????# #?????????????????? | | ?????????????????????????????# #?????????????????? | | ????????????????############## #?????????????????? | | ????????????????# ! ] # #?????????????????? | | ????????????????# # #?????????????????? | | ????????????????# """ # #?????????????????? | | ????????????????# """ # ################+## | | ????????????????# """ # | | ????????????????# """ "" + | | ????????????????# """ """ # | | ????????????????# """ F" # | | ????????????????# " " """ ####+#############+## | | ????????????????# " # #????# | | ????????????????# ] @ p # = #????# | | ????????????????# p # #????# "" | | ????????????????#########/#### #????# "" | | ????????????????????????# #??# ] #????# "T | | ????????????????????????# #??# #????# "" | | ????????????????????????# #??# | #????# "" | | ????????????????????????# ??# #????# | | ????????????????????????###??# #????# ?? | | ?????????????????????????????##########????##???## | | ?????????????????????????????????????????????????? | | ?????????????????????????????????????????????????? | | ?????????????????????????????????????????????????? | | ?????????????????????????????????????????????????? | | ?????????????????????????????????????????????????? | | ?????????????????????????????????????????????????? | | ?????????????????????????????????????????????????? | | ?????????????????????????????????????????????????? | | ?????????????????????????????????????????????????? | | ?????????????????????????????????????????????????? | | ?????????????????????????????????????????????????? | | ?????????????????????????????????????????????????? | | ?????????????????????????????????????????????????? | | ?????????????????????????????????????????????????? | | ?????????????????????????????????????????????????? | | ?????????????????????????????????????????????????? | +----------------------------------------------------+ Best States ------------- Heat Dissipation 81 Energy Generation 31 Energy Capacity 290 Matter Stores 300 Matter Capacity 400 Sight Range 16 Robot Scan Range 20 Terrain Scan Density 10 Power Amplification 20 Armor Coverage 825 Resistance: KI 25 Core Shielding 30 Propulsion Shielding 66 Weapon Shielding 100 Phase Shifting 5 Evasion (%) 64 Targeting Accuracy 17 Armor Integrity Analysis 30 Recoil Reduction 4 Energy Filtering 30 Kinecelleration 30 Offensive Hacking 11 Authchip Count 1 Item Schematics ----------------- Fusion Compressor | -7/Zion | Archive Mak. Power Source | -7/Zion | Archive Mak. Cloaking Device | -7/Zion | Archive Lyr. Heavy Armor Plating | -7/Zion | Archive Adv. ECM Suite | -7/Zion | Archive Cloaking Device | -7/Zion | Archive Recalibrator | -7/Zion | Archive Hpw. Shock Rifle | -7/Zion | Archive Weapon Cycler | -7/Zion | Archive System Guard | -7/Zion | Archive Arm. Huge Wheel | -7/Zion | Archive Bore Cannon | -7/Zion | Archive Matter Filter | -7/Zion | Archive Adv. System Shield | -7/Zion | Archive Hvy. Mass Driver | -7/Zion | Archive Robot Schematics ------------------ W-25 Informer | -7/Zion | Archive K-01 Serf | -7/Zion | Archive Fabricated ------------ Nothing Alien Tech Used ----------------- None Achievements -------------- None Challenges ------------ None Game ------ Seed WeaponVortexScrap Manual? 0 Play Time 01:33:13 Cumulative 139.1 hours Start 2022.05.01 @ 02:15:36 End 2022.05.01 @ 03:46:23 Sessions 1 Manual Loads 0 Difficulty Rogue Special Mode None Game No. 186 Rogue 185 Adventurer 0 Explorer 1 Win Type - Total 5 Types 5/0/0/0/0/0/0/0/0 Lore% 59 Gallery% 60 Achievement% 50 Wizard Run 0 Options --------- ASCII 1 Keyboard 0 Movement Vi Keybinds 0 Fullscreen 1 Font 18/SmallcapsGlow Map View 76x50 Tactical HUD 1 Map Filters NONE Filters NONE Steam 1 RUN: 50334e74-0b16-4526-95c7-55a9bd0824b9